 Dungeon Crawl Stone Soup version 0.27.1-35-g4d5d836560 (webtiles) character file.

Game seed: 8952469212255955574

224 Delamore the Covert (level 6, -1/39 HPs)
             Began as an Octopode Brigand on Mar 8, 2022.
             Slain by an orc priest (4 damage)
             ... on level 3 of the Dungeon.
             The game lasted 00:03:08 (3197 turns).

Delamore the Covert (Octopode Brigand)              Turns: 3197, Time: 00:03:08

Health: -1/39      AC:  1    Str: 10    XL:     6   Next: 0%
Magic:  6/6        EV: 13    Int: 13    God:
Gold:   68         SH:  0    Dex: 16    Spells: 5/5 levels left

rFire    . . .     SeeInvis .   d - +3 dagger
rCold    . . .     Faith    .   (no shield)
rNeg     . . .     Spirit   .   (helmet restricted)
rPois    .         Reflect  .   (no amulet)
rElec    .         Harm     .   c - ring of wizardry
rCorr    .         Rampage  .   (no ring)
Will     .....                  (no ring)
Stlth    +++++.....             (no ring)
HPRegen  0.13/turn              (no ring)
MPRegen  0.10/turn              (no ring)
                                (no ring)
                                (no ring)

@: no status effects
A: almost no armour, amphibious, 8 rings, camouflage 1, gelatinous body 1,
(nimble swimmer 1), tentacles
a: no special abilities


You were on level 3 of the Dungeon.
You visited 1 branch of the dungeon, and saw 3 of its levels.

You collected 68 gold pieces.

Inventory:

Hand Weapons
 a - a +2 dagger
 d - a +3 dagger (weapon)
 l - a +0 rapier
 m - a +0 dagger of speed
Missiles
 b - 12 poisoned darts (quivered)
Jewellery
 c - a ring of wizardry (left tentacle)
Scrolls
 g - a scroll of immolation
 i - a scroll of enchant armour {unknown}
 j - a scroll of enchant weapon
Potions
 f - a potion of resistance {unknown}
 h - a potion of curing {unknown}
 k - a potion of lignification {unknown}


   Skills:
 - Level 2.0 Fighting
 + Level 3.7 Short Blades
 - Level 2.0 Throwing
 - Level 1.0 Dodging
 * Level 8.6 Stealth


You had 5 spell levels left.
You didn't know any spells.
Your spell library was empty.

Dungeon Overview and Level Annotations

Branches:
Dungeon (3/15)

Altars:


Innate Abilities, Weirdness & Mutations

You cannot wear most types of armour.
You are amphibious.
You can wear up to eight rings at the same time.
Your skin changes colour to match your surroundings (Stealth+).
Your rubbery body absorbs attacks. (AC +1, EV +1)
((You are camouflaged near water. (Stealth+)))
You have tentacles for arms and can constrict up to eight enemies at once.


Message History

The orc wizard gestures wildly while chanting.
The orc wizard flickers and vanishes!
Deactivating autopickup; reactivate with Ctrl-A.
You hit the orc but do no damage.
The orc is moderately wounded.
You constrict the orc.
The orc escapes!
You hit something. The orc hits you with a +0 hand axe.
You hit the orc but do no damage. You grab the orc. You squeeze the orc.
The orc is severely wounded.
You constrict the orc, but do no damage.
Something hits you.
* * * LOW HITPOINT WARNING * * *
The orc closely misses you.
You hear some strange, mumbled words.
Something tries to affect you, but you resist.
You hit the orc.
You kill the orc!
You closely miss something. You closely miss something. You squeeze something.
Reactivating autopickup.
You feel a bit more experienced.
You have reached level 6!
Your experience leads to an increase in your attributes!
Increase (S)trength, (I)ntelligence, or (D)exterity?
You feel agile.
You closely miss the orc priest. You grab the orc priest.
You constrict the orc priest. The orc priest hits you with a +0 club.
* * * LOW HITPOINT WARNING * * *
You hit the orc priest but do no damage.
The orc priest is lightly wounded.
You constrict the orc priest, but do no damage.
You hit the orc priest.
The orc priest is moderately wounded.
You constrict the orc priest. The orc priest hits you with a +0 club.
* * * LOW HITPOINT WARNING * * *
You hit the orc priest.
The orc priest is heavily wounded.
You constrict the orc priest, but do no damage.
The orc priest hits you with a +0 club.
You die...

... .. ###.. #### ... ..... ....
#.# ###.#. #### #.# ......#####
#.# ####.......# .. #.#
.....(.(#.# .#
#####.#######(.##o#.# ..
#...............@)..# #.
#.###.########......# #.##
#.#.........##..)..[# #..#
....#.#####.##.##.#[#########)###
....#....# #. #.#..............
....#..#.# #. #.#######........
.......#.# . #................
....##.#.# # #..######........
.......#.# #..#### #........


You could see an orc priest.

Vanquished Creatures
  An ice beast (D:3)
  An orc priest (D:3)
  An orc wizard (D:3)
  An ufetubus (D:3)
  A dart slug (D:3)
  6 orcs (D:3)
  3 ball pythons
  12 endoplasms
  5 giant cockroaches
  5 goblins
  6 hobgoblins
  5 kobolds
  2 quokkas
  3 bats
  4 frilled lizards
  4 rats
60 creatures vanquished.

Notes
Turn   | Place    | Note
-------+----------+-------------------------------------------
     0 | D:1      | Delamore the Octopode Brigand began the quest for the Orb.
     0 | D:1      | Reached XP level 1. HP: 14/14 MP: 1/1
   201 | D:1      | Reached XP level 2. HP: 19/19 MP: 2/2
   312 | D:1      | Found a faded altar of an unknown god.
   433 | D:1      | Reached skill level 6 in Stealth
   503 | D:1      | Reached XP level 3. HP: 12/24 MP: 3/3
  2191 | D:3      | Noticed an ice beast
  2499 | D:3      | Reached skill level 7 in Stealth
  2499 | D:3      | Reached XP level 4. HP: 23/29 MP: 4/4
  2882 | D:3      | Killed an ice beast
  2883 | D:3      | Reached skill level 8 in Stealth
  2883 | D:3      | Reached XP level 5. HP: 4/34 MP: 5/5
  3193 | D:3      | Reached XP level 6. HP: 9/39 MP: 6/6
  3197 | D:3      | Slain by an orc priest

Illustrated notes

Levels and vault maps discovered:
D:1:      scummos_arrival_simple_crosswalls, layout_loops_ring,
          dreamdust_ecumenical_altar_angels_and_demons, st_stairs_5
D:2:      layout_basic, serial_curves, eino_curves_01, eino_curves_04,
          dk_noncrumbling_4
D:3:      layout_basic, zin_treasury

Skill      XL: |  1  2  3  4 |
---------------+-------------+-----
Stealth        | 6 7 8 |  8.6
Short Blades   | 3 |  3.7
Fighting       | |  2.0
Throwing       | |  2.0
Dodging        | |  1.0

Action                   |  1- 3 |  4- 6 || total
-------------------------+-------+-------++-------
Melee: Dagger            |    78 |    39 ||   117
       Constrict         |    15 |     8 ||    23
       Tentacles         |     8 |     7 ||    15
Throw: Dart              |       |     7 ||     7
  Use: Scroll            |     3 |       ||     3
       Potion            |       |     1 ||     1
 Stab: Sleeping          |    13 |     5 ||    18
Armor: Skin              |     3 |       ||     3
Dodge: Dodged            |    35 |    13 ||    48
